 Dungeon Crawl Stone Soup version 0.31-a0-229-g1fc7ce93e2 (webtiles) character file.

Game seed: 4980307558390374360

59 qw the Shooter (level 3, -4/29 HPs)
             Began as a Minotaur Hexslinger on July 6, 2023.
             Slain by Natasha (8 damage)
             ... on level 2 of the Dungeon.
             The game lasted 00:00:19 (750 turns).

qw the Shooter (Minotaur Hexslinger)                 Turns: 750, Time: 00:00:20

Health: -4/29      AC:  6    Str: 12    XL:     3   Next: 78%
Magic:  3/3        EV: 11    Int: 10    God:
Gold:   75         SH:  0    Dex: 14    Spells: 3/4 levels left

rFire   . . .        Y - +1 sling (drain)
rCold   . . .        (no shield)
rNeg    . . .        k - +0 ring mail
rPois   .            (helmet restricted)
rElec   .            g - +0 cloak
rCorr   .            (no gloves)
SInv    .            (no boots)
Will    .....        (no amulet)
Stlth   +            (no ring)
HPRegen 0.24/turn    (no ring)
MPRegen 0.08/turn

%: no passive effects
@: no status effects
A: horns 2, retaliatory headbutt
a: no special abilities


You were on level 2 of the Dungeon.
You visited 1 branch of the dungeon, and saw 2 of its levels.

You collected 75 gold pieces.


Innate Abilities, Weirdness & Mutations

You have a pair of horns on your head.
You reflexively headbutt those who attack you in melee.


   Skills:
 - Level 2.0 Fighting
 + Level 4.1 Ranged Weapons
 - Level 1.0 Armour
 - Level 2.1 Dodging
 - Level 1.0 Spellcasting
 - Level 2.0 Hexes


You had 3 spell levels left.
You knew the following spells:

 Your Spells              Type           Power      Damage    Failure   Level
a - Slow                  Hex            16%        N/A       34%         1

Your spell library contained the following spells:

 Spells                   Type           Power      Damage    Failure   Level
 Inner Flame              Hex/Fire       2%         N/A       83%         3
 Portal Projectile        Hex/Tloc       4%         N/A       83%         3
 Cause Fear               Hex            2%         N/A       98%         4

Inventory:

Hand Weapons
 Y - a +1 sling of draining (weapon)
Armour
 g - a +0 cloak (worn)
 k - a +0 ring mail (worn)
Scrolls
 a - a scroll of fear {unknown}
Potions
 b - a potion of brilliance {unknown}
 c - a potion of curing {unknown}
 d - a potion of invisibility {unknown}
 h - a potion of lignification {unknown}
 j - a potion of berserk rage {unknown}

Dungeon Overview and Level Annotations

Branches:
Dungeon (2/15)

Altars:

Annotations:
D:2 Natasha


Message History

The goblins go into a battle-frenzy!
You hear an angry hiss.
You shoot a sling bullet. The sling bullet closely misses Robin.
The goblin no longer looks unusually strong. x2
Robin roars a battlecry!
The goblins go into a battle-frenzy!
A ball python comes into view.
The ball python moves out of view.
You shoot a sling bullet. The sling bullet hits Robin!
You drain Robin.
Robin is severely wounded.
You hear an angry hiss.
Robin throws the goblin at you! The goblin hits you with a +0 club.
745 ||| DRINKING potion of heal wounds.
You feel much better.
Natasha, Servant of Life and Death comes into view.
Robin closely misses you. The goblin barely misses you.
You furiously retaliate!
You headbutt the goblin.
You kill the goblin!
You shoot a sling bullet. The sling bullet barely misses Robin.
Robin completely misses you.
Natasha growls.
Natasha casts a spell.
You shoot a sling bullet. The sling bullet barely misses Robin.
Robin says, "Kneel, worm!"
The goblin hits you with a +2 dagger of flaming.
The goblin burns you. Natasha claws you.
You shoot a sling bullet. The sling bullet hits Robin.
Robin is severely wounded.
The goblin hits you with a +2 dagger of flaming!
The goblin burns you. The cerulean imp misses you. Natasha barely misses you.
You shoot a sling bullet. The sling bullet barely misses Robin.
The goblin hits you with a +2 dagger of flaming.
The goblin burns you.
The cerulean imp hits you but does no damage.
Natasha stares at you and mumbles some strange words.
The magic dart hits you.
You shoot a sling bullet. The sling bullet hits Robin.
You kill Robin!
The goblin hits you with a +2 dagger of flaming.
The goblin burns you. Natasha claws you!
You die...

.#.######
).)gSgg)#
#@# #h#
####5#####
#........#
#.####.#.#
# #.#.#
#.#.#
#.#.#
#.#.#


You could see Natasha, a cerulean imp (summoned), a hobgoblin (strong), 2
goblins and a ball python.

Vanquished Creatures
  Natasha (D:2)
  Robin (D:2)
  4 endoplasms (D:1)
  2 hobgoblins
  A quokka (D:1)
  4 ball pythons
  A bat (D:1)
  A frilled lizard (D:1)
  9 goblins
  6 kobolds
  2 rats (D:1)
32 creatures vanquished.

Notes
Turn   | Place    | Note
-------+----------+-------------------------------------------
     0 | D:1      | qw the Minotaur Hexslinger began the quest for the Orb.
     0 | D:1      | Reached XP level 1. HP: 16/16 MP: 1/1
     0 | D:1      | 0 ||| qw: Version: 0.3-a-46-gb1f654a
     0 | D:1      | 0 ||| qw: Game counter: 1669
     0 | D:1      | 0 ||| qw: Melee chars always use a shield: true
     0 | D:1      | 0 ||| qw: God list: Okawaru
     0 | D:1      | 0 ||| qw: Allow faded altars: false
     0 | D:1      | 0 ||| qw: Do Orc after clearing Dungeon:15 true
     0 | D:1      | 0 ||| qw: Do second Lair branch before Depths: true
     0 | D:1      | 0 ||| qw: Lair rune preference: random
     0 | D:1      | 0 ||| qw: Goals: Normal
     0 | D:1      | 0 ||| PLANNING D:1-11
   137 | D:1      | Reached skill level 3 in Ranged Weapons
   137 | D:1      | Reached XP level 2. HP: 23/23 MP: 2/2
   163 | D:1      | Found a faded altar of an unknown god.
   398 | D:1      | 398 ||| UPGRADING to +0 cloak.
   403 | D:1      | 403 ||| UPGRADING to +0 ring mail.
   413 | D:1      | 413 ||| DROPPING +0 robe.
   414 | D:1      | 414 ||| READING scroll labelled MORUAJUS ALOKI.
   415 | D:1      | 415 ||| READING scroll labelled VEOHIA WUTEME.
   416 | D:1      | 416 ||| DRINKING 2 sapphire potions.
   417 | D:1      | 417 ||| DROPPING scroll of poison.
   427 | D:2      | Noticed Natasha
   433 | D:2      | Killed Natasha
   434 | D:2      | Reached skill level 4 in Ranged Weapons
   434 | D:2      | Reached XP level 3. HP: 10/29 MP: 3/3
   726 | D:2      | Noticed Robin
   735 | D:2      | Reached skill level 1 in Armour
   744 | D:2      | HP: 7/29 [goblin/+0 club[Robin] (2)]
   745 | D:2      | 745 ||| DRINKING potion of heal wounds.
   745 | D:2      | Noticed Natasha
   750 | D:2      | Killed Robin
   750 | D:2      | HP: 5/29 [goblin/+2 dagger of flaming[Robin] (4)]
   750 | D:2      | Slain by Natasha

Levels and vault maps discovered:
D:1:      dpeg_arrival_signposts, layout_rooms, ebering_ecumenical_altar_box
D:2:      layout_basic, uniq_natasha, uniq_robin

Skill      XL: |  1  2  3 |
---------------+----------+-----
Ranged Weapons | 3 4 |  4.1
Fighting       | 2 |  2.0
Armour         | 1 |  1.0
Dodging        | |  2.1
Spellcasting   | |  1.0
Hexes          | |  2.0

Action                     || total
---------------------------++-------
   Fire: Sling             ||    75
    Use: Scroll            ||     2
         Potion            ||     2
 Armour: Ring mail         ||    15
         Robe              ||     1
  Dodge: Dodged            ||    25

Table legend:
 A = Non-vault XP
 B = Vault XP
 C = Vault XP percentage of total XP
 D = Non-vault monster count
 E = Vault monster count
 F = Vault count percentage of total count
                 A         B        C        D         E       F
            +---------+---------+-------+---------+---------+-------
      Total |      32 |      69 |  68.3 |      21 |      11 |  34.4
            +---------+---------+-------+---------+---------+-------
        D:1 |      29 |       0 |   0.0 |      19 |       0 |   0.0
        D:2 |       3 |      69 |  95.8 |       2 |      11 |  84.6
            +---------+---------+-------+---------+---------+-------
